 Dungeon Crawl Stone Soup version 0.29.0-5-ge4962eb29e (webtiles) character file.

Game seed: 499471691691198467

2686 Flugkiller the Cleaver (level 9, -1/79 HPs)
             Began as a Minotaur Fighter on Aug 28, 2022.
             Was a Priest of Okawaru.
             Slain by an ice beast (6 damage)
             ... on level 7 of the Dungeon.
             The game lasted 00:03:25 (7483 turns).

Flugkiller the Cleaver (Minotaur Fighter)           Turns: 7483, Time: 00:03:26

Health: -1/79      AC:  9    Str: 22    XL:     9   Next: 38%
Magic:  9/11       EV:  8    Int:  5    God:    Okawaru [***...]
Gold:   301        SH:  6    Dex: 13    Spells: 8/8 levels left

rFire   . . .      SeeInvis +   a - +0 war axe
rCold   . . .      Faith    .   j - +0 buckler
rNeg    . . .      Spirit   .   p - +0 plate armour
rPois   .          Reflect  .   (helmet restricted)
rElec   .          Harm     .   n - +0 cloak
rCorr   .          Rampage  .   (no gloves)
Will    +....                   (no boots)
Stlth   ..........              (no amulet)
HPRegen 0.23/turn               m - ring of willpower
MPRegen 0.12/turn               i - ring of see invisible

@: lethally poisoned (-1 -> -12), heroic, corroded
A: horns 2, retaliatory headbutt
a: Renounce Religion, Heroism


You were on level 7 of the Dungeon.
You worshipped Okawaru.
Okawaru was most pleased with you.
You visited 1 branch of the dungeon, and saw 7 of its levels.

You collected 301 gold pieces.

Inventory:

Hand Weapons
 a - a +0 war axe (weapon)
Missiles
 f - 7 boomerangs
 o - a throwing net (quivered)
Armour
 b - a +0 scale mail
 j - a +0 buckler (worn)
 n - a +0 cloak (worn)
   (You found it on level 4 of the Dungeon)
 p - a +0 plate armour (worn)
   (You found it on level 6 of the Dungeon)
Jewellery
 c - a ring of protection from cold
   (You found it on level 1 of the Dungeon)
 i - a ring of see invisible (right hand)
   (You found it on level 3 of the Dungeon)
 k - a ring of resist corrosion
   (You found it on level 5 of the Dungeon)
 m - a ring of willpower (left hand)
   (You found it on level 4 of the Dungeon)
Scrolls
 g - 2 scrolls of brand weapon
 l - 2 scrolls of magic mapping
 r - a scroll of identify
 s - a scroll of enchant armour
 t - 2 scrolls of teleportation
 y - a scroll of fear
 z - a scroll of blinking
 C - 2 scrolls of immolation
Potions
 d - 2 potions of might
 e - a potion of ambrosia {unknown}
 h - a potion of haste
 q - 2 potions of curing
 u - a potion of heal wounds {unknown}
 v - 2 potions of flight
 x - a potion of lignification {unknown}
 B - a potion of berserk rage {unknown}
 D - a potion of mutation {unknown}
 E - 2 potions of degeneration {unknown}


   Skills:
 + Level 7.5(12.5) Fighting
 * Level 9.6(14.6) Axes
 + Level 4.4(9.4) Throwing
 + Level 7.3(12.3) Armour
 - Level 3.6(8.6) Shields
 + Level 4.7 Invocations


You had 8 spell levels left.
You didn't know any spells.
Your spell library was empty.

Dungeon Overview and Level Annotations

Branches:
Dungeon (7/15)             Temple (0/1) D:6

Altars:
Dithmenos
Okawaru
Qazlal
Ru
Wu Jian


Innate Abilities, Weirdness & Mutations

You have a pair of horns on your head.
You reflexively headbutt those who attack you in melee.


Message History

You kill the gnoll!
Okawaru accepts your kill.
No target in view!
v - 2 potions of flight (gained 1)
Found a rapier.
No target in view!
A white imp comes into view.
The white imp shouts, "Return whence thou came, thou impertinent mumble-news deadneck!"
A white imp is nearby!
A white imp is nearby!
Found a fizzy black potion.
The white imp gestures at you. The puff of frost hits you!
The white imp gestures at you. The puff of frost hits you!
The white imp gestures at you. The puff of frost misses you.
You closely miss the white imp. You headbutt the white imp!
The white imp is almost dead.
You block the white imp's attack.
You hit the white imp.
You kill the white imp!
Okawaru accepts your kill.
No target in view!
No target in view!
No target in view!
No target in view!
No target in view!
u - a fizzy black potion No target in view!
As you open the door, it creaks loudly!
Found a stone staircase leading up.
You open the door.
There is an open door here.
q - 2 potions of curing (gained 1)
Found a stone staircase leading down.
No target in view!
No target in view!
No target in view!
No target in view!
No target in view!
You open the door.
There is an open door here.
An ice beast and an acid dragon come into view.
The acid dragon roars!
The acid dragon spits acid at you. The splash of acid hits you!
The acid corrodes you!
You hear a shout!
There are monsters nearby!
There are monsters nearby!
There are monsters nearby!
The acid dragon spits acid at you. The splash of acid hits you!!
You see here an amulet of faith.
A scorpion comes into view.
You barely miss the scorpion. The scorpion stings you.
You hit the scorpion.
The scorpion is moderately wounded.
The scorpion stings you.
You barely miss the scorpion.
The scorpion is moderately wounded.
You hit the acid dragon. You hit the ice beast. The scorpion stings you.
The ice beast hits you but does no damage.
A sky beast comes into view.
The acid dragon spits acid at you. The splash of acid hits you!
The acid corrodes you!
You hear an angry hiss.
You are too injured to fight recklessly!
You gain the combat prowess of a mighty hero.
The scorpion stings you but does no damage.
You block the scorpion's attack. The ice beast barely misses you.
An orc comes into view. It is wielding a +0 falchion.
The acid dragon barely misses you.
The acid dragon claws you but does no damage.
You are too injured to fight recklessly!
You closely miss the acid dragon. You headbutt the acid dragon.
The acid dragon is moderately wounded.
You closely miss the scorpion. You hit the ice beast.
The scorpion barely misses you.
You closely miss the acid dragon. You headbutt the acid dragon.
The acid dragon is heavily wounded.
You barely miss the ice beast. You hit the scorpion.
You block the ice beast's attack. The acid dragon bites you!
* * * LOW HITPOINT WARNING * * *
The acid dragon claws you but does no damage.
The scorpion stings you.
* * * LOW HITPOINT WARNING * * *
You are lethally poisoned!
The scorpion poisons you!
You hit the ice beast but do no damage.
You headbutt the ice beast, but do no damage.
The ice beast is moderately wounded.
You closely miss the scorpion.
You hit the acid dragon but do no damage.
* * * LOW HITPOINT WARNING * * *
You feel very sick. The ice beast hits you.
* * * LOW HITPOINT WARNING * * *
The ice beast freezes you.
You die...

#
#..#..##....##########
#.. #.#....###....#
#.. #......'......#
... #.#....####...#
.... #
#..#.####...######.
....
.#..>...............
#.............o......
####.######.."##... #.
#@Y.# #......sD...#
#.######...## #...#
....# ....Y# .......
........


You could see an acid dragon (catching breath), an ice beast, a sky beast, a
scorpion and an orc.

Vanquished Creatures
  A wraith (D:5)
  A wyvern (D:6)
  Eustachio (D:6)
  2 water moccasins
  Duvessa (D:6)
  A black bear (D:6)
  An ogre (D:3)
  2 phantoms
  Blork the orc (D:5)
  3 necrophages
  5 scorpions
  Dowan (D:6)
  A howler monkey (D:5)
  6 hounds
  3 orc priests
  2 jellies (D:5)
  2 gnoll boudas
  6 orc wizards
  Ijyb (D:5)
  16 gnolls
  16 adders
  A shadow imp (D:5)
  A white imp (D:7)
  4 worms
  3 dart slugs
  14 orcs
  11 ball pythons
  6 bats
  15 endoplasms
  5 giant cockroaches
  6 goblins
  6 hobgoblins
  3 jackals (D:5)
  2 quokkas
  2 frilled lizards (D:2)
  8 kobolds
  3 rats
163 creatures vanquished.

Vanquished Creatures (others)
  A fungus (D:2)
  4 plants (D:2)
5 creatures vanquished.

Grand Total: 168 creatures vanquished

Notes
Turn   | Place    | Note
-------+----------+-------------------------------------------
     0 | D:1      | Flugkiller the Minotaur Fighter began the quest for the
                  | Orb.
     0 | D:1      | Reached XP level 1. HP: 19/19 MP: 0/0
    35 | D:1      | Reached skill level 3 in Axes
    35 | D:1      | Reached XP level 2. HP: 20/27 MP: 1/1
   275 | D:1      | Reached XP level 3. HP: 26/33 MP: 2/2
   466 | D:1      | You fall into a shaft and drop 1 floor!
   728 | D:2      | Found a faded altar of an unknown god.
   868 | D:2      | Reached skill level 4 in Axes
   936 | D:2      | Found an iron altar of Okawaru.
   954 | D:2      | Became a worshipper of Warmaster Okawaru
  1034 | D:2      | Reached XP level 4. HP: 37/40 MP: 3/3
  2034 | D:4      | Noticed a necrophage
  2045 | D:4      | Killed a necrophage
  2046 | D:4      | Reached skill level 5 in Axes
  2046 | D:4      | Reached skill level 1 in Invocations
  2046 | D:4      | Reached XP level 5. HP: 35/47 MP: 4/4
  2711 | D:4      | Found a sacrificial altar of Ru.
  2759 | D:4      | Reached XP level 6. HP: 34/54 MP: 6/6
  2760 | D:4      | Reached skill level 5 in Fighting
  2760 | D:4      | Reached skill level 5 in Armour
  3112 | D:3      | Reached * piety under Okawaru
  3113 | D:3      | Reached skill level 1 in Throwing
  3689 | D:4      | Reached skill level 6 in Axes
  3762 | D:5      | Entered Level 5 of the Dungeon
  3773 | D:5      | Noticed Ijyb
  3778 | D:5      | Killed Ijyb
  3817 | D:5      | Reached XP level 7. HP: 57/61 MP: 7/7
  4024 | D:5      | Noticed a wraith
  4037 | D:5      | Killed a wraith
  4326 | D:5      | Found a shadowy altar of Dithmenos.
  4470 | D:5      | Reached skill level 7 in Axes
  4479 | D:5      | Reached ** piety under Okawaru
  4530 | D:5      | Reached XP level 8. HP: 70/70 MP: 9/9
  4620 | D:5      | Noticed Blork the orc
  4627 | D:5      | Killed Blork the orc
  5065 | D:5      | Found an ornate altar of the Wu Jian Council.
  5274 | D:5      | Reached skill level 8 in Axes
  5531 | D:6      | Noticed Eustachio
  5836 | D:6      | Killed Eustachio
  5836 | D:6      | Reached *** piety under Okawaru
  5931 | D:6      | Reached XP level 9. HP: 21/79 MP: 11/11
  6305 | D:6      | Reached skill level 9 in Axes
  6463 | D:6      | Noticed Dowan
  6464 | D:6      | Noticed Duvessa
  6737 | D:6      | Killed Dowan
  6741 | D:6      | Killed Duvessa
  7045 | D:6      | Found a staircase to the Ecumenical Temple.
  7131 | D:6      | Found a stormy altar of Qazlal.
  7483 | D:7      | Slain by an ice beast

Illustrated notes

Levels and vault maps discovered:
D:1:      saegor_arrival_miasma, layout_rooms, minmay_pentomino_u4
D:2:      layout_basic, dreamdust_ecumenical_altar_grove, basic_altar,
          kennysheep_generic_room_16
D:3:      layout_loops_ring
D:4:      kennysheep_spiral_hall, layout_basic, mainiacjoe_overflow_catwalk,
          minmay_snake_closets
D:5:      layout_basic, kennysheep_little_box, lemuel_round_altar,
          grunt_ministairs_4, minmay_joined_circles, uniq_ijyb,
          uniq_blork_the_orc
D:6:      layout_rooms, nicolae_qazlal_eye_of_the_storm, temple_hall,
          uniq_eustachio, uniq_duvessa
D:7:      layout_basic, mainiacjoe_overflow_24_doors

Skill      XL: |  1  2  3  4  5  6  7  8  9 |
---------------+----------------------------+-----
Axes           | 3 4 5 6 7 8 9 |  9.6
Fighting       | 4 5 6 7 |  7.5
Armour         | 4 5 6 7 |  7.3
Invocations    | 1 2 3 4 |  4.7
Throwing       | 1 2 3 4 |  4.4
Shields        | |  3.6

Action                   |  1- 3 |  4- 6 |  7- 9 || total
-------------------------+-------+-------+-------++-------
Melee: War axe           |    72 |   162 |   203 ||   437
       Headbutt          |     7 |    22 |    36 ||    65
Invok: Heroism           |       |     2 |     5 ||     7
  Use: Scroll            |       |     7 |     6 ||    13
       Potion            |       |     2 |       ||     2
Armor: Scale mail        |    29 |    82 |    55 ||   166
       Plate armour      |       |       |    23 ||    23
Dodge: Dodged            |    37 |    77 |    92 ||   206
Block: Buckler           |    15 |    46 |    42 ||   103
